 Dungeon Crawl Stone Soup version 0.30-a0-937-ga0a21ad780 (webtiles) character file.

Game seed: 6805256770381324694

3 Hades the Conjurer (level 1, 0/14 HPs)
             Began as a Demigod Conjurer on Mar 24, 2023.
             Slain by a kobold
             ... wielding a +0 short sword
              (3 damage)
             ... on level 1 of the Dungeon.
             The game lasted 00:01:22 (356 turns).

Hades the Conjurer (Demigod Conjurer)                Turns: 356, Time: 00:01:22

Health: 0/14       AC:  2    Str:  8    XL:     1   Next: 33%
Magic:  5/5        EV: 12    Int: 20    God:
Gold:   17         SH:  0    Dex: 12    Spells: 2/3 levels left

rFire   . . .      SeeInvis .    c - +0 dagger
rCold   . . .      Faith    .    (no shield)
rNeg    . . .      Spirit   .    a - +0 robe
rPois   .          Reflect  .    (no helmet)
rElec   .          Rampage  .    (no cloak)
rCorr   .                        (no gloves)
Will    .....                    (no boots)
Stlth   ++                       (no amulet)
HPRegen 0.22/turn                (no ring)
MPRegen 0.09/turn                (no ring)

@: no status effects
A: high MP 1, forlorn, divine attributes
a: no special abilities


You were on level 1 of the Dungeon.
You visited 1 branch of the dungeon, and saw 1 of its levels.

You collected 17 gold pieces.

Inventory:

Hand Weapons
 c - a +0 dagger (weapon)
Missiles
 d - 6 datura-tipped darts
 f - 6 poisoned darts
Armour
 a - a +0 robe (worn)
Scrolls
 e - a scroll of brand weapon {unknown}
Potions
 b - a potion of magic


   Skills:
 + Level 1.7 Dodging
 + Level 1.7 Stealth
 + Level 1.7 Spellcasting
 + Level 3.8 Conjurations


You had 2 spell levels left.
You knew the following spells:

 Your Spells              Type           Power      Damage    Failure   Level
a - Magic Dart            Conj           68%        1d6       3%          1

Your spell library contained the following spells:

 Spells                   Type           Power      Damage    Failure   Level
 Searing Ray              Conj           34%        2d5       4%          2
 Dazzling Flash           Conj/Hex       18%        N/A       22%         3
 Fulminant Prism          Conj/Hex       4%         3d5       58%         4
 Iskenderun's Mystic Bla  Conj/Tloc      9%         2d4       58%         4


Dungeon Overview and Level Annotations

Branches:
Dungeon (1/15)


Innate Abilities, Weirdness & Mutations

You have an increased reservoir of magic. (+10% MP)
You shall have no god before yourself.
Your divine heritage dramatically boosts your attributes as you level up.


Message History

The ball python bites you. The ball python constricts you.
You hit the ball python.
You kill the ball python!
Found 6 poisoned darts.
Found a lumpy golden potion.
You see here 6 poisoned darts.
f - 6 poisoned darts
Found a faded altar of an unknown god.
Found 4 stones.
A kobold comes into view. It is wielding a +0 short sword.
The kobold hits you but does no damage.
Found 5 gold pieces.
The kobold barely misses you.
You see here 4 stones.
The kobold hits you with a +0 short sword.
The kobold attacks as you move away! The kobold misses you.
The kobold throws a stone.
The stone hits you but does no damage.
The kobold hits you with a +0 short sword.
The kobold misses you.
You see here 4 stones.
You barely miss the kobold.
The kobold hits you with a +0 short sword.
You closely miss the kobold. The kobold misses you.
You hit the kobold.
The kobold is moderately wounded.
The kobold hits you with a +0 short sword.
You hit the kobold but do no damage.
The kobold is moderately wounded.
The kobold closely misses you.
You hit the kobold.
The kobold is heavily wounded.
The kobold hits you with a +0 short sword.
* * * LOW HITPOINT WARNING * * *
You hit the kobold.
The kobold is severely wounded.
The kobold hits you with a +0 short sword.
* * * LOW HITPOINT WARNING * * *
You closely miss the kobold.
The kobold is severely wounded.
The kobold hits you with a +0 short sword.
You die...

..### #.# #.... ...#
........# #..♣.♣..#
#.♣.♣.♣.# ##..♣_♣..##
#..♣.♣.♣$.#
#...♣K♣...###..... #
#....@.........!..
#.####.#...#######....
#......###.##### ...
####...........# #.#
#.#####.###.## #.# #.#
#......####.###### #.#
#####............. #.#
#.###......... #.# #.#
#.#.######


You could see a kobold.

Vanquished Creatures
  A ball python (D:1)
  An endoplasm (D:1)
  A bat (D:1)
3 creatures vanquished.

Notes
Turn   | Place    | Note
-------+----------+-------------------------------------------
     0 | D:1      | Hades the Demigod Conjurer began the quest for the Orb.
     0 | D:1      | Reached XP level 1. HP: 14/14 MP: 5/5
   356 | D:1      | Slain by a kobold

Illustrated notes

Levels and vault maps discovered:
D:1:      nicolae_arrival_memento_mori, layout_loops_ring,
          chequers_ecumenical_altar_simple_redux

Action                     || total
---------------------------++-------
  Melee: Dagger            ||    19
 Armour: Robe              ||     6
  Dodge: Dodged            ||    27

Table legend: (Time is in decaauts)
 A = Elapsed time spent in this place.
 B = Non-inter-level travel time spent in this place.
 C = Inter-level travel time spent in this place.
 D = Time resting spent in this place.
 E = Time spent auto-exploring this place.
 F = Levels seen in this place.
 G = Mean time per level.
                   A        B        C        D        E       F      G
               +--------+--------+--------+--------+--------+-----+--------+
         Total |    355 |    355 |      0 |      0 |      0 |   1 |  355.0 |
       Dungeon |    355 |    355 |      0 |      0 |      0 |   1 |  355.0 |
               +--------+--------+--------+--------+--------+-----+--------+

Top non-repeatable levels by time:
     D:1: 355 daAuts
